AoeStats
← 帝国的铁汉

Lombardia

507695786Analyzed
2v2 RM · 13d ago on Sep 19, 2026· 65m 50s· 4 players
Game mode
Random Map
Map size
Medium (4 player)
Population
200
Speed
Normal
Resources
Standard
Victory
Conquest
Starting age
Dark Age
Ending age
Imperial Age
RankedLock teamsTeams togetherTeam positionsShared explorationLock speedFull tech treeHidden civsTurbo modeCheats
Victory
Defeat
🇳🇴 Vietnamese · Norway
1432
+14
🇳🇴 Mongols · Norway
1374
+17
🇨🇳 Magyars · China
1409
-16
🇨🇳 Saracens · China
1379
-15
帝国的铁汉
11:39 Feudal Age
11:15 Loom
13:11 Double-Bit Axe
15:52 Castle Age
13:46 Stone Mining
17:26 Wheelbarrow
17:05 Bow Saw
17:13 Town Watch
24:57 Gold Mining
25:24 Scale Barding Armor
26:00 Forging
27:56 Bloodlines
27:46 Husbandry
29:30 Husbandry
32:54 Imperial Age
31:01 Ballistics
30:22 Treadmill Crane
31:07 Ballistics
31:30 Chain Barding Armor
31:31 Fletching
33:29 Iron Casting
33:28 Horse Collar
34:26 Gold Shaft Mining
35:16 Chemistry
34:04 Elite Mameluke
35:05 Conscription
35:34 Plate Barding Armor
36:08 Bimaristan
36:44 Masonry
37:48 Hand Cart
37:35 Heavy Plow
39:37 Capped Ram
42:57 Caravan
43:28 Coinage
50:28 Siege Ram
55:51 Blast Furnace
54:50 Bodkin Arrow
54:30 Light Cavalry
56:35 Two-Man Saw
55:17 Hussar
欧阳没有偏旁
6:10 Loom
9:00 Feudal Age
9:47 Double-Bit Axe
19:35 Castle Age
21:47 Bow Saw
22:04 Horse Collar
24:23 Scale Barding Armor
26:06 Fletching
26:17 Padded Archer Armor
26:12 Elite Skirmisher
27:21 Gold Mining
28:42 Thumb Ring
29:16 Wheelbarrow
29:52 Chain Barding Armor
30:18 Heavy Plow
31:27 Hand Cart
31:56 Bodkin Arrow
35:17 Imperial Age
33:46 Ballistics
34:16 Leather Archer Armor
35:45 Gold Shaft Mining
35:00 Stone Mining
37:10 Chemistry
37:23 Bracer
37:59 Plate Barding Armor
39:12 Elite Magyar Huszar
40:34 Corvinian Army
42:02 Plate Barding Armor
44:47 Husbandry
44:57 Bloodlines
45:29 Parthian Tactics
46:38 Heavy Cavalry Archer
56:50 Ring Archer Armor
62:52 Caravan
62:45 Pikeman
SpearmanRush
7:03 Loom
7:25 Loom
9:43 Feudal Age
10:13 Double-Bit Axe
10:52 Horse Collar
16:25 Wheelbarrow
19:43 Castle Age
18:19 Gold Mining
18:51 Fletching
20:41 Hand Cart
20:55 Bow Saw
22:22 Bloodlines
23:29 Bodkin Arrow
24:34 Husbandry
24:41 Heavy Plow
26:33 Ballistics
26:53 Padded Archer Armor
33:22 Imperial Age
31:44 Leather Archer Armor
31:59 Town Watch
33:48 Coinage
34:05 Bracer
35:07 Chemistry
34:38 Ring Archer Armor
35:07 Scale Barding Armor
34:28 Heavy Cavalry Archer
35:15 Thumb Ring
36:03 Forging
36:36 Elite Battle Elephant
37:34 Town Patrol
38:48 Paper Money
46:39 Chain Barding Armor
46:54 Iron Casting
48:03 Plate Barding Armor
51:45 Pikeman
52:26 Scale Mail Armor
52:57 Elite Skirmisher
53:42 Light Cavalry
53:54 Imperial Skirmisher
59:06 Chain Mail Armor
59:16 Caravan
60:29 Two-Man Saw
60:58 Fortified Wall
60:49 Treadmill Crane
62:27 Plate Mail Armor
62:25 Halberdier
63:12 Squires
ManWithScarf
8:29 Loom
10:14 Feudal Age
15:17 Castle Age
13:04 Double-Bit Axe
14:16 Horse Collar
17:05 Bow Saw
24:45 Wheelbarrow
25:41 Fletching
25:52 Padded Archer Armor
27:07 Bodkin Arrow
27:28 Leather Archer Armor
28:06 Ballistics
28:08 Heavy Plow
31:15 Imperial Age
28:41 Gold Mining
29:38 Scale Barding Armor
29:47 Masonry
30:39 Stone Mining
31:16 Chain Barding Armor
31:07 Forging
31:57 Bloodlines
31:47 Husbandry
31:59 Bracer
33:22 Chemistry
32:21 Light Cavalry
33:19 Hussar
35:10 Iron Casting
35:55 Hand Cart
35:27 Town Watch
36:20 Conscription
36:11 Elite Mangudai
40:39 Heavy Camel Rider
41:10 Cavalier
44:28 Hoardings
43:27 Capped Ram
45:11 Fortified Wall
44:34 Siege Ram
46:04 Caravan
51:10 Onager
53:29 Siege Onager
63:29 Drill
Connection lost

Rejoining the realm…

Still unreachable

The connection could not be restored.

Session expired

The server has moved on; the page needs a fresh start.